AoeStats
← aDT_The Night Panda

Arabia

507974875Analyzed
4v4 RM · 12d ago on Sep 20, 2026· 35m 2s· 8 players
Game mode
Random Map
Map size
Large (8 player)
Population
200
Speed
Normal
Resources
Standard
Victory
Conquest
Starting age
Dark Age
Ending age
Imperial Age
RankedLock teamsTeams togetherTeam positionsShared explorationLock speedFull tech treeHidden civsTurbo modeCheats
Victory
Defeat
🇩🇰 Aztecs · Denmark
1760
+7
🇩🇰 Cumans · Denmark
1604
+12
🇩🇰 Bulgarians · Denmark
1595
+12
🇩🇰 Bengalis · Denmark
1436
+19
🇩🇪 Portuguese · Germany
1577
-15
🇲🇽 Tatars · Mexico
1539
-13
🇧🇷 Chinese · Brazil
1524
-13
🇧🇷 Britons · Brazil
1433
-9
[SotC ]Risck
5:43 Loom
9:39 Feudal Age
10:14 Double-Bit Axe
13:03 Fletching
15:56 Padded Archer Armor
23:59 Castle Age
24:38 Bodkin Arrow
24:19 Crossbowman
26:37 Ballistics
27:58 Bow Saw
27:45 Horse Collar
31:25 Wheelbarrow
31:43 Bloodlines
32:40 Husbandry
33:46 Town Watch
Hommi
4:05 Loom
9:12 Feudal Age
11:10 Double-Bit Axe
12:27 Wheelbarrow
21:17 Castle Age
19:08 Horse Collar
19:40 Gold Mining
20:17 Scale Barding Armor
22:26 Chain Barding Armor
22:25 Bloodlines
25:40 Husbandry
28:55 Forging
31:13 Iron Casting
32:02 Bow Saw
Tex_T_Fode
8:28 Loom
11:20 Feudal Age
12:34 Double-Bit Axe
14:11 Fletching
16:20 Padded Archer Armor
18:14 Gold Mining
22:49 Horse Collar
29:30 Castle Age
30:25 Crossbowman
31:38 Bodkin Arrow
SeiyaPegasus
0:26 Loom
9:42 Feudal Age
10:16 Double-Bit Axe
10:16 Horse Collar
14:37 Wheelbarrow
14:52 Forging
17:02 Bloodlines
17:56 Scale Barding Armor
23:04 Castle Age
21:18 Gold Mining
23:08 Light Cavalry
24:09 Chain Barding Armor
25:20 Bow Saw
25:12 Heavy Plow
25:28 Hand Cart
27:56 Gold Shaft Mining
29:48 Fletching
31:01 Bodkin Arrow
DK | murphelele
6:53 Loom
9:13 Feudal Age
19:13 Wheelbarrow
23:29 Castle Age
22:44 Bloodlines
23:00 Scale Barding Armor
22:58 Horse Collar
24:32 Chain Barding Armor
25:34 Husbandry
26:07 Double-Bit Axe
26:26 Gold Mining
28:17 Forging
30:51 Iron Casting
aDT_The Night Panda
9:41 Feudal Age
7:59 Loom
10:34 Double-Bit Axe
13:41 Fletching
15:55 Padded Archer Armor
23:35 Castle Age
21:50 Horse Collar
22:01 Gold Mining
25:00 Crossbowman
26:09 Bodkin Arrow
29:01 Bow Saw
32:32 Leather Archer Armor
32:51 Ballistics
33:23 Wheelbarrow
36:22 Imperial Age
DK | MadsKillz
9:11 Feudal Age
9:29 Loom
12:14 Town Watch
12:46 Fletching
20:53 Padded Archer Armor
26:09 Castle Age
24:42 Gold Mining
25:09 Double-Bit Axe
25:50 Horse Collar
26:48 Bodkin Arrow
26:33 Crossbowman
29:25 Ballistics
Kejserguldbajer 2.
6:10 Loom
9:02 Feudal Age
9:55 Double-Bit Axe
15:01 Scale Barding Armor
20:00 Forging
19:47 Horse Collar
20:23 Bloodlines
24:20 Castle Age
25:47 Chain Barding Armor
24:48 Light Cavalry
25:29 Husbandry
25:55 Town Watch
27:38 Iron Casting
27:53 Wheelbarrow
31:53 Bow Saw
33:13 Heavy Plow
33:42 Fletching
Connection lost

Rejoining the realm…

Still unreachable

The connection could not be restored.

Session expired

The server has moved on; the page needs a fresh start.